 Dungeon Crawl Stone Soup version 0.26-a0-546-g3c2127501a (webtiles) character file.

Game seed: 2336532392058987628

25 ANON1729 the Insei (level 2, -2/21 HPs)
             Began as a Demonspawn Transmuter on Aug 19, 2020.
             Slain by a gnoll
             ... wielding a +0 whip
              (6 damage)
             ... on level 1 of the Dungeon.
             The game lasted 00:01:24 (1187 turns).

ANON1729 the Insei (Demonspawn Transmuter)          Turns: 1187, Time: 00:01:24

Health: -2/21      AC:  2    Str: 12    XL:     2   Next: 82%
Magic:  2/5        EV: 12    Int: 14    God:
Gold:   75         SH:  0    Dex: 13    Spells: 2/5 levels left

rFire    . . .     SeeInvis .     - Unarmed
rCold    . . .     Faith    .   (no shield)
rNeg     . . .     Spirit   .   a - +0 robe
rPois    .         Reflect  .   (helmet currently unavailable)
rElec    .         Harm     .   (no cloak)
rCorr    .         Rnd*Tele +   (no gloves)
MR       .....                  (boots currently unavailable)
Stlth    +.........             (no amulet)
HPRegen  0.07/turn              (no ring)
MPRegen  0.09/turn              (no ring)

@: appendages (expiring), wereblooded
A: hooves 1, horns 2, deterioration 1, strong 1, teleportitis 1, MP-powered
wands
a: End Transformation


You were on level 1 of the Dungeon.
You had grown temporary horns.
You visited 1 branch of the dungeon, and saw 2 of its levels.

You collected 75 gold pieces.

Inventory:

Missiles
 e - 4 javelins (quivered)
Armour
 a - a +0 robe (worn)
Scrolls
 b - a scroll of identify {unknown}
 d - a scroll of magic mapping {unknown}
 f - a scroll of immolation {unknown}
 h - a scroll of remove curse {unknown}
 l - a scroll of amnesia {unknown}
 n - a scroll of fog {unknown}
Potions
 g - a potion of curing {unknown}
 i - a potion of resistance {unknown}
 k - a potion of heal wounds {unknown}
 m - a potion of flight {unknown}


   Skills:
 + Level 1.4 Fighting
 + Level 2.1 Dodging
 + Level 2.9 Unarmed Combat
 + Level 2.2 Spellcasting
 + Level 2.1 Transmutations


You had 2 spell levels left.
You knew the following spells:

 Your Spells              Type           Power        Failure   Level
a - Beastly Appendage     Tmut           #.....       10%         1
b - Wereblood             Tmut           #.......     14%         2

Your spell library contained the following spells:

 Spells                   Type           Power        Failure   Level
 Spider Form              Tmut/Pois      #.........   41%         3
 Ice Form                 Ice/Tmut       #.......     83%         4
 Blade Hands              Tmut           #.........   95%         5


Dungeon Overview and Level Annotations

Branches:
Dungeon (2/15)

Altars:


Innate Abilities, Weirdness & Mutations

You have large cloven feet.
You have a pair of horns on your head.
Your body sometimes deteriorates upon taking damage.
Your muscles are strong. (Str +2)
You are occasionally teleported next to monsters.
You expend magic power (3 MP) to strengthen your wands.


Message History

The hobgoblin shouts!
The jackal barely misses you. The gnoll hits you with a +0 whip!
The gnoll closely misses you.
The jackal bites you but does no damage.
The gnoll closely misses you.
There is a stone staircase leading up here.
The jackal barely misses you. The gnoll barely misses you.
The giant cockroach bites you but does no damage.
The gnoll hits you with a +0 whip!
* * * LOW HITPOINT WARNING * * *
You climb upwards.
Your transformation is almost over.
There is a stone staircase leading down here.
It was a potion of mutation.
You feel extremely strange.
You feel yourself wasting away.
You feel weirdly uncertain.
You feel stronger.
You feel your magical essence link to the dungeon's wands.
The giant cockroach bites you.
* * * LOW HITPOINT WARNING * * *
The gnoll hits you with a +0 whip.
You die...

###### #############
.....# #...........#
.....###...........#
...................#
...................#
..............######
..............####
..............gs@#
..............##g#
..............##h#
..............##.##
.).........#......######
...........#...........#
############...........#
#......(....#
#####...........#


You could see 2 gnolls, a jackal and a giant cockroach.

Vanquished Creatures
  An adder (D:1)
  An ooze (D:1)
  2 goblins (D:1)
  2 hobgoblins (D:1)
  A jackal (D:1)
  3 bats (D:1)
  A kobold (D:1)
  A rat (D:1)
12 creatures vanquished.

Notes
Turn   | Place    | Note
-------+----------+-------------------------------------------
     0 | D:1      | ANON1729 the Demonspawn Transmuter began the quest for the
                  | Orb.
     0 | D:1      | Reached XP level 1. HP: 15/15 MP: 3/3
   368 | D:1      | Lost mutation: You have razor-sharp toenails. [demonic
                  | ancestry]
   368 | D:1      | Lost mutation: You have sharp toenails. [demonic ancestry]
   368 | D:1      | Gained mutation: You have large cloven feet. [demonic
                  | ancestry]
   368 | D:1      | Reached XP level 2. HP: 14/21 MP: 3/5
  1181 | D:1      | Learned a level 2 spell: Wereblood
  1187 | D:1      | Gained mutation: Your body sometimes deteriorates upon
                  | taking damage. [potion of mutation]
  1187 | D:1      | Gained mutation: You are occasionally teleported next to
                  | monsters. [potion of mutation]
  1187 | D:1      | Gained mutation: Your muscles are strong. (Str +2) [potion
                  | of mutation]
  1187 | D:1      | Gained mutation: You expend magic power (3 MP) to
                  | strengthen your wands. [potion of mutation]
  1187 | D:1      | Slain by a gnoll

Illustrated notes

Levels and vault maps discovered:
D:1:      lightli_arrival_statuegarden, layout_basic, supply_closet_lemuel
D:2:      layout_rooms, chequers_ecumenical_altar_simple_redux, serial_aquarium,
          aquarium_bridge_island_small [aquarium_subvault_small_open,
          aquarium_subvault_bridge, aquarium_subvault_wall,
          aquarium_subvault_balcony, aquarium_subvault_wall],
          aquarium_bridge_square [aquarium_subvault_wall,
          aquarium_subvault_window, aquarium_subvault_wall,
          aquarium_subvault_bridge], aquarium_window_2, aquarium_window_1,
          aquarium_window_fake, aquarium_view_2g, aquarium_balcony_3a,
          aquarium_pool_2

Skill      XL: |  1  2 |
---------------+-------+-----
Dodging        | 2 |  2.1
Transmutations | 2 |  2.1
Fighting       | |  1.4
Unarmed Combat | |  2.9
Spellcasting   | |  2.2

Action                   || total
-------------------------++-------
Melee: Unarmed           ||    33
       Kick              ||     4
       Headbutt          ||     3
 Cast: Beastly Appendage ||     9
       Wereblood         ||     1
  Use: Potion            ||     2
Armor: Robe              ||     9
Dodge: Dodged            ||    30

Table legend: (Time is in decaauts)
 A = Elapsed time spent in this place.
 B = Non-inter-level travel time spent in this place.
 C = Inter-level travel time spent in this place.
 D = Time resting spent in this place.
 E = Time spent auto-exploring this place.
 F = Levels seen in this place.
 G = Mean time per level.
                   A        B        C        D        E       F      G
               +--------+--------+--------+--------+--------+-----+--------+
         Total |   1186 |   1147 |     39 |    562 |    475 |   2 |  593.0 |
       Dungeon |   1186 |   1147 |     39 |    562 |    475 |   2 |  593.0 |
               +--------+--------+--------+--------+--------+-----+--------+

Top non-repeatable levels by time:
     D:1: 1179 daAuts
     D:2: 6 daAuts
